 Dungeon Crawl Stone Soup version 0.31-a0-496-g6f97920a28 (webtiles) character file.

Game seed: 2347762314028581191

34 AstroCodex24 the Trooper (level 3, 0/29 HPs)
             Began as a Vampire Fighter on Aug 8, 2023.
             Slain by an iguana (9 damage)
             ... on level 4 of the Dungeon.
             The game lasted 00:02:00 (411 turns).

AstroCodex24 the Trooper (Vampire Fighter)           Turns: 411, Time: 00:02:00

Health: 0/29       AC:  6    Str: 17    XL:     3   Next: 14%
Magic:  3/3        EV:  9    Int: 10    God:
Gold:   12         SH:  4    Dex: 13    Spells: 2/2 levels left

rFire   . . .        a - +0 war axe
rCold   . . .        c - +0 buckler
rNeg    . . .        b - +0 scale mail
rPois   .            (no helmet)
rElec   .            (no cloak)
rCorr   .            (no gloves)
SInv    +            (no boots)
Will    .....        (no amulet) Stlth
                     (no ring)
HPRegen 0.44/turn    (no ring)
MPRegen 0.08/turn

%: no passive effects
@: healing quickly
A: alive, fangs 3, see invisible, vampiric 2
a: Exsanguinate


You were on level 4 of the Dungeon.
You visited 1 branch of the dungeon, and saw 4 of its levels.

You collected 12 gold pieces.

Inventory:

Hand Weapons
 a - a +0 war axe (weapon)
Armour
 b - a +0 scale mail (worn)
 c - a +0 buckler (worn)
Scrolls
 e - a scroll of enchant armour {unknown}
 f - a scroll of enchant weapon {unknown}
 g - a scroll of teleportation {unknown}
 i - a scroll of fog {unknown}
Potions
 d - a potion of might
 h - a potion of curing {unknown}


   Skills:
 + Level 3.0 Fighting
 + Level 2.2 Axes
 + Level 2.7 Armour
 + Level 3.0 Shields


You had 2 spell levels left.
You didn't know any spells.
Your spell library contained the following spells:

 Spells                   Type           Power      Damage    Failure   Level
 Volatile Blastmotes      Fire/Tloc      0%         2d10      99%         3
 Fulminant Prism          Conj/Hex       0%         3d5       100%        4
 Iskenderun's Mystic Bla  Conj/Tloc      0%         2d3       100%        4


Dungeon Overview and Level Annotations

Branches:
Dungeon (4/15)
 Temple: D:4-7

Altars:


Innate Abilities, Weirdness & Mutations

Your natural rate of healing is accelerated.
You have razor-sharp teeth.
You have supernaturally acute eyesight. (SInv)
You are afflicted with vampirism and can become a bat while bloodless.


Message History

You feel sick.
You hit the kobold but do no damage.
You feel sick. The kobold barely misses you.
You barely miss the kobold.
You feel sick. The kobold hits you but does no damage.
You miss the kobold. Your bite misses the kobold.
You feel sick.
You are no longer poisoned.
The kobold hits you but does no damage. x2
You barely miss the kobold. The kobold completely misses you.
You closely miss the kobold. You bite the kobold.
You kill the kobold!
Things that are here:
a +0 dagger; 7 poisoned darts
Found a stone staircase leading down.
There is a stone staircase leading down here.
You climb downwards.
The iguana hisses angrily.
There is a stone staircase leading up here.
There is a stone staircase leading up here.
You barely miss the iguana. The iguana bites you.
You hit the iguana.
The iguana is moderately wounded.
The iguana bites you but does no damage.
You hit the iguana.
The iguana is heavily wounded.
The iguana bites you! x2
* * * LOW HITPOINT WARNING * * *
You slash the iguana! Your bite misses the iguana.
The iguana is almost dead.
You block the iguana's attack.
You barely miss the iguana.
The iguana is almost dead.
The iguana closely misses you. x2
You hit the iguana but do no damage.
The iguana is almost dead.
The iguana barely misses you.
You closely miss the iguana.
The iguana is almost dead.
The iguana bites you!
You die...

#.# # #.#
.# #.###.#
......
#.... #..#
#.###..##.#
#..<@l...#
####..##.#
#..# #..#
#..# #...
#..## #..#


You could see an iguana.

Vanquished Creatures
  2 dart slugs (D:1)
  2 ball pythons (D:1)
  3 bats (D:1)
  4 endoplasms (D:1)
  2 giant cockroaches (D:1)
  3 hobgoblins (D:1)
  3 jackals (D:1)
  2 kobolds
  A quokka (D:1)
  A frilled lizard (D:1)
  3 rats (D:1)
26 creatures vanquished.

Notes
Turn   | Place    | Note
-------+----------+-------------------------------------------
     0 | D:1      | AstroCodex24 the Vampire Fighter began the quest for the
                  | Orb.
     0 | D:1      | Reached XP level 1. HP: 17/17 MP: 1/1
   101 | D:1      | Reached XP level 2. HP: 21/23 MP: 2/2
   283 | D:1      | Gained mutation: You are afflicted with vampirism and can
                  | become a bat while bloodless. [Vampire growth]
   283 | D:1      | Reached XP level 3. HP: 29/29 MP: 3/3
   411 | D:4      | Slain by an iguana

Illustrated notes

Levels and vault maps discovered:
D:1:      dpeg_arrival_another_circle, layout_basic, minivault_19
D:2:      layout_loops_corners, basic_altar, minmay_snake_closets
D:3:      layout_basic, chequers_temple_overflow_minitemple, uniq_jessica
D:4:      layout_loops_ring, minmay_temple_entry_proselytizer,
          lexackson_kobold_supper

Skill      XL: |  1  2 |
---------------+-------+-----
Fighting       | 3 |  3.0
Axes           | 2 |  2.2
Shields        | 3 |  3.0
Armour         | |  2.7

Action                     || total
---------------------------++-------
  Melee: War axe           ||    55
         Bite              ||     4
 Armour: Scale mail        ||    46
  Dodge: Dodged            ||    39
  Block: Buckler           ||    25

Table legend: (Time is in decaauts)
 A = Elapsed time spent in this place.
 B = Non-inter-level travel time spent in this place.
 C = Inter-level travel time spent in this place.
 D = Time resting spent in this place.
 E = Time spent auto-exploring this place.
 F = Levels seen in this place.
 G = Mean time per level.
                   A        B        C        D        E       F      G
               +--------+--------+--------+--------+--------+-----+--------+
         Total |    434 |    424 |     10 |      0 |      0 |   4 |  108.5 |
       Dungeon |    434 |    424 |     10 |      0 |      0 |   4 |  108.5 |
               +--------+--------+--------+--------+--------+-----+--------+

Top non-repeatable levels by time:
     D:1: 358 daAuts
     D:3: 49 daAuts
     D:2: 13 daAuts
     D:4: 12 daAuts
